Map: The Vermillion Problem

Players

LilArrin

  • Race: Terran Terran
  • Spawn Location: 11:00

LilArrin

  • Race: Protoss Protoss
  • Spawn Location: 11:00

VOD

Have the link to the VOD?

Description

Time

  • Played on: Jan. 25, 2018, 11:54 p.m.
  • Length: 22:20
Show
View Real Time Build Order
Export as new Build Order

LilArrin Terran 

Build Orders:  

Get SALT Encoding   

  12  0:03  SCV  
  3  0:20  SCV  
  14  0:33  Supply Depot  
  14  0:36  SCV  
  15  0:53  SCV  
  16  1:10  SCV  
  17  1:25  Command Center  
  17  1:30  SCV  
  18  1:47  SCV  
  19  1:51  Barracks  
  19  2:04  SCV  
  20  2:24  Orbital Command  
  20  2:49  Command Center  
  20  3:00  SCV  
  20  3:06  Orbital Command  
  21  3:15  Refinery  
  21  3:17  SCV  
  22  3:23  Refinery  
  22  3:33  SCV  
  23  3:42  SCV  
  24  3:50  SCV, Combat Shields  
  25  4:00  Command Center  
  25  4:04  Barracks Tech Lab  
  25  4:12  SCV  
  25  4:19  Barracks  
  26  4:30  Orbital Command  
  26  4:44  SCV  
  26  4:46  Barracks  
  27  4:54  Orbital Command  
  27  4:56  Engineering Bay  
  27  4:57  Barracks Reactor  
  27  5:00  SCV  
  28  5:22  Barracks Reactor, Marine, SCV  
  30  5:33  Marine  
  30  5:36  SCV  
  32  5:53  SCV  
  33  6:03  Marine x3  
  33  6:08  Terran Infantry Weapons Level 1  
  36  6:10  SCV  
  36  6:12  Engineering Bay  
  36  6:13  Medic, Marine x2  
  36  6:16  SCV x2  
  36  6:17  Orbital Command, Barracks  
  36  6:18  Marine  
  43  6:24  Medic  
  43  6:27  SCV  
  47  6:43  Marine x2, SCV  
  47  6:44  SCV  
  47  6:48  Terran Infantry Armor Level 1  
  50  6:54  Barracks Tech Lab  
  50  6:57  Marine, Factory  
  50  6:58  Medic  
  50  7:00  Marine, SCV  
  50  7:02  Marine  
  50  7:03  Refinery  
  56  7:15  Medic, Marine x2  
  56  7:17  Marine x2, SCV  
  61  7:27  SCV x2  
  65  7:35  Marine  
  65  7:36  Marine  
  65  7:37  SCV  
  68  7:51  Marine  
  68  7:53  Marine  
  68  7:56  Medic, Marine x3, Supply Depot  
  68  7:57  Supply Depot  
  68  7:59  Supply Depot  
  73  8:01  Factory Tech Lab  
  73  8:02  Barracks, Marine  
  73  8:04  Marine  
  73  8:06  Armory, Medic  
  73  8:07  Marine  
  73  8:09  Marine x2  
  76  8:13  Stabilizer Medpacks  
  76  8:14  Marine x2  
  76  8:16  Marine  
  81  8:21  Marine, SCV  
  81  8:22  SCV  
  81  8:23  Marine  
  81  8:27  Marine  
  81  8:28  Marine  
  82  8:34  SCV  
  82  8:37  Concussive Shells  
  82  8:38  Barracks Reactor  
  84  8:40  Marine  
  84  8:41  Replenishable Magazine, Marine  
  84  8:44  Medic, Marine x2  
  84  8:47  Marine  
  90  8:52  SCV  
  92  9:03  Supply Depot  
  92  9:05  Supply Depot  
  92  9:06  Marine x2, SCV x2  
  96  9:15  Medic, Marine x3  
  101  9:25  Marine  
  101  9:26  Medic, Marine x2  
  101  9:27  Marine  
  101  9:28  Medic, Marine  
  101  9:32  Marine  
  101  9:35  Marine  
  101  9:36  Marine  
  107  9:44  Marine  
  108  10:05  Medic, Marine x5, Supply Depot  
  108  10:06  Supply Depot  
  108  10:07  Marine  
  108  10:08  SCV  
  108  10:09  Supply Depot  
  117  10:11  Barracks  
  117  10:13  Marine  
  117  10:15  Marine  
  119  10:25  SCV  
  119  10:29  Marine  
  114  10:33  Marine x2  
  114  10:34  Medic, Marine x3  
  114  10:38  Marine  
  114  10:39  Marine  
  120  10:42  SCV  
  120  10:46  Terran Infantry Weapons Level 2, Terran Infantry Armor Level 2  
  120  10:49  Barracks Tech Lab  
  122  10:51  Marine  
  122  10:52  Terran Vehicle and Ship Weapons Level 1, Marine  
  124  11:01  Medic, Marine x3  
  129  11:23  Marine  
  127  11:37  Marine x2  
  126  11:40  Medic, Marine x3  
  126  11:41  Marine  
  131  12:13  Marine  
  132  12:22  Marine  
  132  12:26  Supply Depot  
  132  12:27  Medic, Marine x5  
  132  12:28  Marine x2  
  132  12:29  Supply Depot  
  138  12:31  Supply Depot  
  138  12:32  Supply Depot, Marine  
  138  12:36  Supply Depot  
  138  12:37  Medic, Marine x3  
  138  12:39  Medic, Supply Depot, Marine x2  
  135  12:48  Marine  
  135  12:49  Marine x2  
  144  12:51  Medic x2  
  144  12:52  Marine x3  
  144  12:58  SCV  
  155  13:01  Marine  
  155  13:03  Supply Depot  
  155  13:06  Marine x3, Supply Depot  
  155  13:08  Supply Depot  
  159  13:10  Marine  
  159  13:11  Marine x2  
  159  13:13  Marine x2  
  159  13:14  Marine  
  159  13:15  SCV  
  159  13:16  Marine x2  
  159  13:19  Marine  
  160  13:21  Medic, Marine x2  
  160  13:24  Medic, Marine  
  160  13:25  Marine  
  160  13:26  Marine x2  
  160  13:29  Marine  
  170  13:31  Medic  
  170  13:32  SCV  
  174  13:41  Marine  
  174  13:42  Marine x2  
  177  13:54  Marine  
  177  13:56  Marine x2  
  180  14:03  Medic, Marine x3  
  180  14:04  Medic, Marine x2  
  189  14:18  Marine  
  189  14:19  Marine  
  191  14:30  Marine x2  
  191  14:31  Marine  
  191  14:35  Marine x2  
  191  14:37  Marine x2  
  191  14:38  Medic, Marine  
  192  14:40  Marine  
  192  14:41  Marine x2  
  192  14:48  Marine  
  199  14:56  Medic, Marine x3  
  200  15:07  Marine  
  199  15:12  Marine  
  199  15:13  Marine  
  199  15:15  Marine  
  189  15:32  Marine x2  
  189  15:33  Marine x3  
  189  15:34  Medic x2, Marine  
  189  15:36  Marine  
  194  15:42  Marine  
  194  15:44  Medic  
  194  15:45  Marine x3  
  194  15:46  Medic  
  194  15:47  Marine  
  199  15:50  Marine  
  199  15:53  Marine x2  
  199  15:55  Marine x2  
  198  16:01  Marine x3  
  198  16:03  Marine  
  185  16:14  Marine  
  185  16:15  Marine x2  
  185  16:16  Marauder  
  177  16:20  Marine x2  
  177  16:26  Marine x3  
  177  16:27  Medic, Marauder, Marine  
  176  16:41  Marine x3  
  176  16:42  Medic, Marauder, Marine  
  176  16:46  Marine  
  184  16:56  Marine  
  184  16:57  Medic, Marauder, Marine x2  
  166  17:01  Marine x2  
  166  17:02  Medic, Marine  
  166  17:07  Marine x2  
  166  17:08  Medic  
  171  17:12  Marine x3  
  171  17:13  Medic, Marauder, Marine  
  171  17:17  Marine  
  180  17:35  Marine  
  180  17:36  Marine  
  180  17:37  Marauder  
  180  17:38  Marine  
  180  17:39  Medic, Marine x2  
  182  17:47  Marine x3  
  189  18:21  Medic, Marine x3  
  194  18:32  Marine x2  
  196  18:40  Marine x2  
  196  18:41  Marine x2  
  196  18:47  Marine x3  
  196  18:49  Marine x2  
  199  18:50  Marine  
  196  19:20  Marine  
  196  19:24  Marine x3  
  200  21:19  Marine x2  
  196  21:21  Marine x2  
  196  21:22  Marine  
  198  21:32  Marine x2  
  194  21:41  Marine  
  194  21:43  Marine x2  
  194  21:44  Medic, Marine x3  
  195  21:55  Marine x2  
  195  21:56  Medic  
Show
View Real Time Build Order
Export as new Build Order

LilArrin Protoss 

Build Orders:  

Get SALT Encoding   

Tags
 
Add a new tag
Caveats
  • Supply blocks, unpowered buildings, or Contaminate may cause inaccurate times.
  • Supply counts are checked every 10 seconds.